 Dungeon Crawl Stone Soup version 0.26.1-11-gd32895ea62 (webtiles) character file.

Game seed: 12015612534251032475

403 Arcadio the Covert (level 6, -1/39 HPs)
             Began as an Octopode Brigand on May 22, 2021.
             Was a Follower of Fedhas.
             Slain by an iguana (7 damage)
             ... on level 4 of the Dungeon.
             The game lasted 00:05:12 (4824 turns).

Arcadio the Covert (Octopode Brigand)               Turns: 4824, Time: 00:05:13

Health: -1/39      AC:  1    Str: 16    XL:     6   Next: 86%
Magic:  6/6        EV: 13    Int: 13    God:    Fedhas [*.....]
Gold:   130        SH:  0    Dex: 16    Spells: 5/5 levels left

rFire    . . .     SeeInvis .   a - +2 dagger
rCold    . . .     Faith    .   (no shield)
rNeg     . . .     Spirit   .   (helmet restricted)
rPois    .         Reflect  .   (no amulet)
rElec    .         Harm     .   g - +6 ring of strength
rCorr    .         Rampage  .   k - ring of willpower
Will     +....                  (no ring)
Stlth    +++++.....             (no ring)
HPRegen  0.13/turn              (no ring)
MPRegen  0.10/turn              (no ring)
                                (no ring)
                                (no ring)

@: lethally poisoned (-1 -> -2)
A: almost no armour, stealthy swim, amphibious, 8 rings, constrict 8, camouflage
1, gelatinous body 1
a: Renounce Religion


You were on level 4 of the Dungeon.
You worshipped Fedhas.
Fedhas was aware of your devotion.
You visited 1 branch of the dungeon, and saw 4 of its levels.

You collected 130 gold pieces.

Inventory:

Hand Weapons
 a - a +2 dagger (weapon)
Missiles
 b - 25 poisoned darts (quivered)
 c - 2 curare-tipped darts
Jewellery
 g - a +6 ring of strength (left tentacle)
 k - a ring of willpower (right tentacle)
Scrolls
 d - a scroll of immolation {unknown}
 h - 2 scrolls of teleportation
 j - a scroll of enchant armour
 l - 3 scrolls of remove curse
 m - a scroll of fear {unknown}
 n - 3 scrolls of magic mapping {unknown}
 o - a scroll of identify
 q - a scroll of enchant weapon {unknown}
 r - a scroll of fog {unknown}
Potions
 e - a potion of berserk rage
 f - 3 potions of attraction
 i - 3 potions of curing
 p - a potion of degeneration {unknown}


   Skills:
 - Level 2.0 Fighting
 + Level 5.1 Short Blades
 - Level 2.0 Throwing
 - Level 1.0 Dodging
 + Level 8.7 Stealth


You had 5 spell levels left.
You didn't know any spells.
Your spell library was empty.

Dungeon Overview and Level Annotations

Branches:
Dungeon (4/15)
 Temple: D:4-7

Altars:
Fedhas
Gozag


Innate Abilities, Weirdness & Mutations

You cannot wear most types of armour.
You are very stealthy in the water. (Stealth+)
You are amphibious.
You can wear up to eight rings at the same time.
You can use your tentacles to constrict eight enemies at once.
Your skin changes colour to match your surroundings (Stealth+).
Your rubbery body absorbs attacks. (AC +1, EV +1)


Message History

You feel sick.
You see here 8 gold pieces.
You now have 130 gold pieces (gained 8).
You feel sick.
You feel sick.
The iguana hisses angrily.
The iguana barely misses you.
You closely miss the iguana. Your grab misses the iguana.
Your squeeze misses the iguana.
You feel sick. The iguana bites you!
You hit the iguana but do no damage. Your grab misses the iguana.
Your squeeze misses the iguana. The iguana bites you!
* * * LOW HITPOINT WARNING * * *
You hit the iguana but do no damage. You grab the iguana.
You constrict the iguana, but do no damage.
You hit the iguana. You squeeze the iguana!
The iguana is severely wounded.
You constrict the iguana, but do no damage.
The iguana bites you!
You die...
Fedhas appreciates your contribution to the ecosystem.

#.# #.......†...#
#.###.########..#
#.##...#######..#
#.#.#.#.........#
.........####..##
.#.#.#.## #.##
#...## ...
#.###.#### 8...8
#......@l# ......
#######......_....
#.##.......## #.#
8... #.# ... #.#
.# #.# # #.#


You could see an iguana.

Vanquished Creatures
  A scorpion (D:3)
  Crazy Yiuf (D:2)
  An orc priest (D:4)
  2 orc wizards (D:3)
  Natasha (thrice) (D:2)
  A worker ant (D:4)
  8 adders
  A worm (D:2)
  A leopard gecko (D:1)
  7 orcs
  3 ball pythons
  6 giant cockroaches
  5 goblins
  6 hobgoblins
  A quokka (D:2)
  8 bats
  5 frilled lizards
  7 kobolds
  2 rats
69 creatures vanquished.

Notes
Turn   | Place    | Note
-------+----------+-------------------------------------------
     0 | D:1      | Arcadio the Octopode Brigand began the quest for the Orb.
     0 | D:1      | Reached XP level 1. HP: 14/14 MP: 1/1
   335 | D:1      | Reached XP level 2. HP: 7/19 MP: 2/2
   865 | D:1      | Reached skill level 6 in Stealth
  1347 | D:2      | Reached XP level 3. HP: 21/24 MP: 3/3
  1529 | D:2      | Found a blossoming altar of Fedhas.
  1537 | D:2      | Became a worshipper of Fedhas Madash
  1761 | D:2      | Noticed Natasha
  1769 | D:2      | Killed Natasha
  1770 | D:2      | Reached XP level 4. HP: 18/29 MP: 4/4
  2065 | D:2      | Reached skill level 7 in Stealth
  2145 | D:2      | Noticed Natasha
  2157 | D:2      | Killed Natasha
  2158 | D:2      | Reached XP level 5. HP: 19/34 MP: 5/5
  2221 | D:2      | Noticed Natasha
  2230 | D:2      | Killed Natasha
  2621 | D:2      | Found a runed translucent door.
  2622 | D:2      | Noticed Crazy Yiuf
  2629 | D:2      | Killed Crazy Yiuf
  2827 | D:3      | Reached XP level 6. HP: 24/39 MP: 6/6
  2828 | D:3      | Reached skill level 8 in Stealth
  3097 | D:3      | Reached * piety under Fedhas
  4634 | D:3      | Reached skill level 5 in Short Blades
  4806 | D:4      | Found an opulent altar of Gozag.
  4824 | D:4      | Slain by an iguana

Illustrated notes

Levels and vault maps discovered:
D:1:      amcnicky_arrival_underground_garden, layout_basic, minivault_23,
          st_stairs_5
D:2:      minmay_alternating_diamond, layout_loops_ring,
          lemuel_coloured_pillars_altar, hangedman_decor_peaks_small,
          uniq_crazy_yiuf_cottage, uniq_natasha
D:3:      layout_basic, minmay_misc_feat_tower, feat_on_display
D:4:      layout_loops_ring, dancing_weapons_uskayaw, grunt_gozag_statues

Skill      XL: |  1  2  3  4  5  6 |
---------------+-------------------+-----
Stealth        | 6 7 8 |  8.7
Short Blades   | 3 4 5 |  5.1
Fighting       | |  2.0
Throwing       | |  2.0
Dodging        | |  1.0

Action                   |  1- 3 |  4- 6 || total
-------------------------+-------+-------++-------
Melee: Dagger            |    67 |    87 ||   154
       Constrict         |    15 |    21 ||    36
       Tentacles         |     8 |    19 ||    27
  Use: Scroll            |     4 |     3 ||     7
 Stab: Sleeping          |    10 |    14 ||    24
Armor: Skin              |     3 |     7 ||    10
Dodge: Dodged            |    38 |    48 ||    86
